AoeStats
← tanque99lobos

Arena

510262676Analyzed
1v1 RM · 1d ago on Sep 30, 2026· 52m 14s· 2 players
Game mode
Random Map
Map size
Tiny (2 player)
Population
200
Speed
Normal
Resources
Standard
Victory
Conquest
Starting age
Dark Age
Ending age
Imperial Age
RankedLock teamsTeams togetherTeam positionsShared explorationLock speedFull tech treeHidden civsTurbo modeCheats
Victory
Defeat
🇺🇸 Magyars · United States
603
+15
🇲🇽 Spanish · Mexico
581
-15
tanque99lobos
6:49 Loom
10:25 Feudal Age
12:49 Double-Bit Axe
16:57 Castle Age
40:39 Imperial Age
41:26 Squires
40:46 Pikeman
41:42 Halberdier
44:39 Onager
45:32 Murder Holes
51:25 Redemption
Nozdromu
11:11 Feudal Age
11:38 Double-Bit Axe
18:10 Castle Age
17:30 Horse Collar
17:44 Gold Mining
18:09 Stone Mining
19:27 Bow Saw
23:22 Thumb Ring
24:09 Pikeman
24:43 Fletching
25:20 Bodkin Arrow
25:23 Town Watch
26:18 Wheelbarrow
28:48 Corvinian Army
30:03 Scale Barding Armor
31:06 Treadmill Crane
32:00 Chain Barding Armor
32:20 Husbandry
32:37 Bloodlines
32:47 Heavy Plow
34:43 Hand Cart
41:25 Imperial Age
39:01 Town Patrol
38:47 Loom
41:52 Elite Magyar Huszar
42:54 Conscription
43:13 Plate Barding Armor
42:46 Capped Ram
43:53 Fervor
44:27 Gold Shaft Mining
44:23 Crop Rotation
44:56 Two-Man Saw
45:29 Ballistics
46:41 Hoardings
46:13 Recurve Bow
46:41 Parthian Tactics
47:48 Heavy Cavalry Archer
48:34 Bracer
48:34 Padded Archer Armor
49:40 Chemistry
48:46 Siege Engineers
51:10 Leather Archer Armor
Connection lost

Rejoining the realm…

Still unreachable

The connection could not be restored.

Session expired

The server has moved on; the page needs a fresh start.